Map: Eternal Empire LE

Players

Reynor - Winner!

  • Race: Zerg Zerg
  • League: Master
  • Spawn Location: 1:00

Trap

  • Race: Protoss Protoss
  • Spawn Location: 7:00

Event: DreamHack SC2 Masters 2020 Fall

VOD

Have the link to the VOD?

Description

Time

  • Played on: Sept. 20, 2020, 12:50 p.m.
  • Length: 16:16

All games in this series

Show
View Real Time Build Order
Export as new Build Order

Reynor Zerg - Winner!

Build Orders: Hatch First 

Get SALT Encoding   

  12  0:00  Drone  
  13  0:12  Overlord  
  13  0:17  Drone  
  14  0:31  Drone x2  
  16  0:47  Drone  
  17  0:53  Hatchery  
  17  0:55  Drone  
  17  0:58  Drone  
  18  1:10  Extractor  
  17  1:14  Spawning Pool  
  17  1:18  Drone  
  17  1:21  Drone  
  18  1:29  Drone  
  19  1:39  Drone  
  20  1:49  Overlord  
  20  2:01  Queen  
  20  2:05  Queen  
  20  2:06  Zergling x4  
  26  2:11  Drone  
  26  2:14  Metabolic Boost  
  27  2:16  Drone  
  27  2:22  Drone  
  29  2:26  Drone  
  30  2:37  Drone  
  30  2:41  Hatchery  
  30  2:46  Drone  
  30  2:49  Queen  
  33  2:54  Overlord  
  33  3:01  Zergling x2  
  33  3:02  Zergling x2  
  33  3:03  Drone  
  35  3:13  Zergling x2  
  35  3:15  Drone x4  
  40  3:22  Overlord  
  40  3:23  Drone  
  40  3:25  Queen  
  43  3:32  Zergling x2, Spore Crawler  
  43  3:43  Drone x5  
  43  3:45  Zergling x2  
  49  3:51  Queen  
  49  3:54  Overlord  
  51  3:58  Drone x2  
  53  4:03  Zergling x2, Spore Crawler  
  53  4:04  Drone  
  54  4:13  Zergling x4  
  54  4:15  Drone x4  
  54  4:16  Spore Crawler  
  59  4:17  Drone  
  59  4:18  Drone  
  59  4:19  Drone  
  62  4:24  Drone  
  62  4:26  Overlord  
  62  4:30  Drone x2  
  62  4:41  Drone  
  62  4:42  Drone x3  
  65  4:45  Drone  
  65  4:46  Drone  
  65  4:48  Evolution Chamber  
  65  4:50  Roach Warren  
  65  4:51  Queen  
  68  4:52  Drone  
  68  4:55  Drone x2  
  70  5:01  Lair, Overlord  
  70  5:03  Drone  
  70  5:05  Drone x2  
  73  5:07  Drone  
  73  5:11  Drone  
  74  5:14  Extractor  
  74  5:15  Drone x2  
  74  5:16  Extractor  
  74  5:18  Zerg Missile Weapons Level 1  
  74  5:20  Drone x5, Extractor  
  74  5:21  Extractor  
  74  5:22  Drone  
  74  5:23  Drone  
  76  5:30  Overlord  
  76  5:34  Overlord  
  76  5:40  Overlord  
  76  5:45  Hatchery  
  76  5:49  Spore Crawler  
  74  5:50  Drone  
  74  5:51  Drone x7  
  74  5:52  Drone  
  74  5:53  Drone x2  
  74  5:54  Drone  
  81  5:57  Drone  
  81  6:01  Drone x3  
  81  6:03  Glial Reconstitution  
  83  6:07  Extractor  
  83  6:08  Overlord  
  83  6:09  Roach x2  
  83  6:10  Roach x2  
  91  6:14  Roach  
  93  6:21  Roach x2  
  96  6:26  Overlord  
  96  6:28  Roach x4  
  104  6:34  Ravager, Overlord  
  104  6:37  Overlord  
  105  6:44  Zergling x14  
  105  6:46  Ravager  
  113  6:50  Baneling Nest  
  113  6:51  Evolution Chamber  
  113  6:53  Zergling x4  
  113  6:54  Drone  
  113  6:57  Drone x5  
  113  6:58  Drone  
  113  6:59  Zergling x8  
  113  7:00  Pneumatized Carapace  
  124  7:03  Ravager x2  
  124  7:06  Zergling x4  
  128  7:10  Drone x2  
  129  7:18  Drone x2  
  129  7:19  Drone x2  
  133  7:24  Zerg Missile Weapons Level 2  
  133  7:25  Zerg Melee Weapons Level 1  
  133  7:29  Drone x3  
  136  7:30  Overlord  
  136  7:33  Overlord  
  136  7:38  Overlord  
  135  7:45  Zergling x2  
  135  7:46  Hatchery  
  135  7:48  Overlord  
  136  7:51  Drone x4  
  136  7:52  Zergling x2  
  136  7:53  Zergling x10  
  136  7:55  Zergling x8  
  146  8:00  Drone x4  
  146  8:04  Zergling x4  
  146  8:05  Centrifical Hooks  
  146  8:08  Drone  
  146  8:09  Drone x2  
  146  8:10  Drone  
  148  8:14  Zergling x4  
  148  8:16  Drone  
  148  8:19  Infestation Pit  
  148  8:20  Drone x3  
  148  8:23  Drone x2, Spore Crawler  
  153  8:27  Zergling x12  
  153  8:31  Ravager  
  153  8:32  Ravager x5  
  162  8:34  Drone x4  
  162  8:38  Overlord  
  162  8:39  Zergling x2  
  167  8:42  Baneling x3  
  167  8:43  Baneling  
  167  8:48  Overlord  
  167  8:50  Baneling x9  
  167  8:51  Baneling x17  
  167  8:57  Overlord  
  167  9:00  Zergling x8  
  167  9:01  Zergling x18  
  180  9:03  Hive  
  180  9:04  Drone  
  180  9:05  Spire  
  180  9:06  Drone x2, Unknown  
  180  9:07  Overlord  
  183  9:10  Zergling x6  
  183  9:12  Drone  
  183  9:16  Queen  
  187  9:18  Zergling x12  
  188  9:24  Roach, Zergling x8  
  188  9:25  Zergling x2  
  188  9:27  Zerg Melee Weapons Level 2  
  188  9:30  Zergling x4  
  188  9:31  Zergling x4  
  199  9:37  Zergling x2  
  198  9:50  Zergling x16  
  199  9:53  Zerg Ground Armor Level 1  
  199  9:55  Spore Crawler  
  199  9:59  Baneling x27  
  197  10:01  Drone  
  197  10:02  Drone x2  
  197  10:04  Extractor x2  
  197  10:06  Zergling x2  
  197  10:07  Zergling x2  
  171  10:29  Zergling x44  
  171  10:31  Roach  
  194  10:36  Zerg Flyer Weapons Level 1  
  194  10:38  Zergling x12  
  194  10:40  Overlord  
  199  10:45  Overlord  
  188  10:55  Roach, Zergling x2  
  188  10:56  Zergling x16  
  185  10:58  Zergling x4  
  185  10:59  Baneling x6  
  185  11:00  Baneling x42  
  185  11:02  Roach  
  189  11:05  Zergling x10  
  189  11:10  Zergling x4  
  196  11:14  Baneling x13  
  196  11:15  Roach, Zergling x2  
  187  11:27  Zergling x16  
  187  11:31  Roach, Zergling x2  
  170  11:33  Zergling x6  
  170  11:38  Roach, Zergling x6  
  170  11:39  Zergling x4  
  160  11:41  Overseer  
  160  11:45  Roach x5  
  151  11:48  Baneling x10  
  151  11:49  Queen, Roach x2  
  151  11:52  Roach, Zergling x2  
  160  11:56  Roach  
  160  12:00  Roach, Zergling x2  
  142  12:02  Roach x2, Zergling x2  
  142  12:03  Roach x2  
  142  12:05  Queen  
  142  12:06  Queen  
  136  12:09  Roach  
  136  12:11  Roach x2  
  142  12:17  Zergling x20  
  142  12:20  Zergling x4  
  153  12:22  Zergling x2  
  153  12:25  Drone  
  153  12:26  Zerg Melee Weapons Level 3  
  153  12:28  Drone  
  153  12:29  Drone  
  156  12:32  Baneling x6  
  156  12:33  Drone x2  
  156  12:36  Drone, Queen  
  161  12:40  Drone x3  
  161  12:42  Zergling x2  
  164  12:51  Roach x2  
  164  12:52  Roach, Zergling x2  
  164  12:53  Zergling x2  
  164  12:57  Ravager x5  
  177  12:58  Baneling  
  177  12:59  Ravager x3, Baneling x21, Hatchery  
  177  13:02  Zergling x16  
  177  13:03  Zergling x2  
  185  13:07  Adrenal Glands  
  185  13:08  Zergling x4  
  185  13:12  Zergling x6  
  190  13:15  Zergling x2  
  190  13:17  Queen  
  190  13:18  Spore Crawler  
  190  13:19  Zergling x2  
  191  13:27  Zergling x20  
  191  13:30  Baneling x16  
  199  13:43  Greater Spire  
  199  13:44  Zergling x6  
  194  13:59  Zergling x2  
  194  14:00  Zergling x8  
  199  14:07  Zergling x2  
  199  14:08  Zergling x28, Overseer x2  
  196  14:13  Roach, Zergling x2  
  196  14:14  Zergling x4  
  190  14:18  Zergling x4  
  181  14:26  Zergling x12  
  181  14:28  Corruptor x3  
  181  14:29  Corruptor  
  189  14:37  Corruptor  
  189  14:38  Corruptor x5  
  169  14:40  Roach  
  169  14:41  Roach x3  
  169  14:43  Baneling x11  
  174  14:47  Roach x2, Zergling x2  
  174  14:48  Zergling x2  
  174  14:50  Zergling x2  
  174  14:51  Zergling x2  
  174  14:52  Ravager x2  
  178  15:00  Roach x5  
  178  15:01  Roach  
  190  15:09  Roach x2  
  190  15:10  Roach  
  190  15:12  Zergling x14  
  190  15:13  Zergling x4  
  184  15:17  Roach, Zergling x2  
  162  15:22  Roach, Zergling x4  
  162  15:24  Roach  
  157  15:29  Zergling x12  
  157  15:30  Zergling x2  
  155  15:36  Roach, Zergling x6  
  155  15:41  Zergling x4  
  155  15:42  Zergling x4  
  158  15:44  Overseer  
  158  15:45  Overseer  
  158  15:49  Roach, Zergling x6  
  160  15:51  Zergling x2  
  160  15:56  Roach  
  162  16:14  Ravager x4  
  166  16:15  Ravager  
Show
View Real Time Build Order
Export as new Build Order

Trap Protoss 

Build Orders: 1 Gate Expand, Oracle Opening 

Get SALT Encoding   

  12  0:00  Probe  
  13  0:13  Pylon  
  13  0:17  Probe (Chrono Boost)  
  14  0:27  Probe (Chrono Boost)  
  15  0:32  Probe (Chrono Boost)  
  16  0:42  Gateway  
  16  0:43  Probe  
  17  0:50  Assimilator  
  17  0:55  Probe  
  18  1:07  Probe  
  19  1:20  Probe  
  20  1:25  Nexus  
  20  1:36  Cybernetics Core  
  21  1:40  Probe  
  21  1:47  Assimilator  
  21  1:52  Probe  
  22  1:56  Pylon  
  22  2:04  Probe  
  23  2:11  Adept (Chrono Boost)  
  23  2:12  Warp Gate  
  25  2:16  Probe (Chrono Boost)  
  26  2:25  Probe (Chrono Boost)  
  26  2:29  Stargate  
  27  2:32  Probe (Chrono Boost)  
  27  2:35  Adept  
  30  2:39  Probe (Chrono Boost)  
  32  2:47  Probe x2 (Chrono Boost)  
  33  2:53  Probe  
  33  2:54  Probe  
  36  3:05  Stalker, Probe  
  36  3:06  Probe  
  36  3:12  Oracle (Chrono Boost)  
  39  3:15  Gateway  
  39  3:18  Probe  
  39  3:19  Probe  
  44  3:26  Pylon  
  44  3:28  Pylon  
  44  3:33  Probe x2  
  46  3:44  Oracle  
  46  3:46  Probe  
  46  3:47  Probe  
  51  3:48  Assimilator  
  51  3:49  Assimilator  
  51  3:58  Pylon  
  51  3:59  Probe x2  
  53  4:03  Adept  
  55  4:17  Adept  
  55  4:23  Nexus  
  57  4:24  Probe x2  
  57  4:30  Pylon  
  59  4:35  Twilight Council  
  59  4:36  Probe x2  
  59  4:37  Forge  
  61  4:43  Sentry x2  
  61  4:48  Probe x2 (Chrono Boost)  
  61  4:51  Shield Battery  
  63  4:59  Pylon  
  65  5:00  Probe x2 (Chrono Boost)  
  65  5:06  Probe x2 (Chrono Boost)  
  65  5:07  Sentry  
  65  5:08  Sentry  
  65  5:11  Gateway  
  71  5:15  Probe x2  
  71  5:16  Gateway  
  71  5:18  Protoss Ground Weapons Level 1  
  71  5:21  Blink (Chrono Boost)  
  69  5:27  Probe x2  
  71  5:37  Probe  
  71  5:39  Gateway, Probe x2  
  71  5:41  Gateway  
  74  5:44  Robotics Facility  
  74  5:45  Pylon  
  74  5:55  Probe x2  
  76  6:03  Assimilator, Pylon  
  76  6:04  Assimilator  
  76  6:05  Robotics Facility  
  76  6:06  Probe  
  76  6:07  Probe x2  
  76  6:08  Stalker x2  
  76  6:10  Stalker  
  85  6:13  Zealot  
  87  6:19  Probe x2  
  87  6:20  Probe  
  90  6:28  Pylon  
  90  6:34  Gateway  
  90  6:35  Gateway, Stalker x2  
  90  6:36  Stalker  
  96  6:43  Pylon  
  96  6:45  Robotics Bay  
  96  6:50  Stalker x3  
  96  6:53  Pylon  
  102  6:54  Warp Prism (Chrono Boost)  
  102  6:58  Observer (Chrono Boost)  
  105  7:07  Pylon  
  105  7:13  Immortal (Chrono Boost)  
  109  7:21  Immortal (Chrono Boost)  
  109  7:23  Nexus  
  109  7:24  Protoss Ground Weapons Level 2 (Chrono Boost), Charge  
  113  7:36  Shield Battery  
  113  7:38  Zealot  
  113  7:40  Stalker x2  
  113  7:41  Shield Battery  
  113  7:43  Colossus (Chrono Boost)  
  125  7:52  Colossus (Chrono Boost)  
  126  8:08  Nexus  
  126  8:09  Extended Thermal Lance  
  126  8:12  Sentry  
  128  8:22  Photon Cannon x2  
  128  8:24  Pylon x2  
  128  8:25  Colossus (Chrono Boost)  
  128  8:26  Pylon  
  134  8:36  Colossus (Chrono Boost)  
  134  8:38  Gateway  
  134  8:39  Gateway  
  141  8:48  Probe x3  
  141  8:55  Observer  
  140  9:01  Zealot x2, Dark Shrine  
  140  9:02  Zealot x2  
  148  9:09  Photon Cannon  
  148  9:10  Shield Battery  
  149  9:17  Zealot, Observer (Chrono Boost)  
  149  9:18  Zealot  
  149  9:19  Colossus (Chrono Boost)  
  149  9:20  Probe x3  
  149  9:21  Probe  
  155  9:30  Sentry x5  
  165  9:32  Observer  
  165  9:34  Stalker x2  
  165  9:56  Stalker x7  
  179  10:02  Stalker x2  
  179  10:05  Pylon  
  183  10:07  Pylon  
  157  10:29  Dark Templar x2  
  157  10:30  Zealot x5, Dark Templar x2  
  157  10:35  Archon x2  
  171  10:55  Dark Templar x2  
  167  10:57  Dark Templar  
  167  10:58  Zealot, Dark Templar  
  167  11:01  Archon  
  167  11:02  Archon  
  173  11:04  Zealot x2  
  173  11:05  Zealot x2  
  181  11:13  Nexus  
  181  11:21  Dark Templar x2  
  131  11:33  Stalker x7  
  123  11:46  Immortal x2  
  123  11:52  Zealot x2  
  123  11:53  Zealot x3  
  133  12:00  Zealot x4  
  133  12:01  Zealot x5  
  137  12:03  Observer  
  105  12:22  Immortal (Chrono Boost)  
  86  12:27  Dark Templar x2  
  86  12:28  Dark Templar  
  100  12:32  Immortal (Chrono Boost), Pylon  
  100  12:38  Probe  
  100  12:39  Probe x3  
  100  12:40  Probe  
  103  12:51  Probe x4  
  104  12:52  Assimilator  
  104  12:53  Dark Templar x4  
  104  12:54  Zealot x2  
  104  12:57  Archon  
  104  12:58  Archon  
  116  12:59  Assimilator  
  116  13:05  Probe x5  
  117  13:07  Colossus (Chrono Boost)  
  121  13:14  Colossus (Chrono Boost)  
  121  13:33  Dark Templar x2  
  125  13:37  Zealot x4  
  125  13:38  Zealot x3  
  138  13:52  Immortal (Chrono Boost)  
  138  13:55  Immortal (Chrono Boost)  
  120  14:13  Dark Templar x4  
  120  14:15  Zealot x5  
  134  14:17  Archon x2  
  134  14:23  Disruptor (Chrono Boost)  
  126  14:27  Disruptor (Chrono Boost)  
  130  14:51  Dark Templar x4  
  130  14:52  Stalker  
  140  14:56  Archon x2  
  140  15:05  Dark Templar  
  114  15:15  Dark Templar  
  44  16:03  Dark Templar x3  
  44  16:04  Dark Templar  

Tags
 
Add a new tag
Caveats
  • Supply blocks, unpowered buildings, or Contaminate may cause inaccurate times.
  • Supply counts are checked every 10 seconds.